 Dungeon Crawl Stone Soup version 0.29-a0-870-g2c972031a6 (webtiles) character file.

Game seed: 15020921326596037614

9420 lesbiats the Destroyer (level 11, 0/94 HPs)
             Began as a Demigod Conjurer on July 17, 2022.
             Slain by Snorg (12 damage)
             ... on level 10 of the Dungeon.
             The game lasted 01:04:14 (12524 turns).

lesbiats the Destroyer (Demigod Conjurer)          Turns: 12524, Time: 01:04:15

Health: 0/94       AC: 18    Str:  8    XL:     11   Next: 3%
Magic:  23/26      EV: 16    Int: 36    God:
Gold:   759        SH:  0    Dex: 12    Spells: 11/24 levels left

rFire   + + .      SeeInvis .   r - +9 morningstar of Racheto {protect, Int+4 Stlth+}
rCold   . . .      Faith    .   (no shield)
rNeg    . . .      Spirit   .   A - +3 leather armour {rF+}
rPois   .          Reflect  .   j - +2 helmet
rElec   .          Harm     .   B - +1 cloak
rCorr   .          Rampage  .   d - +2 pair of gloves
Will    +....                   (no boots)
Stlth   +++.......              D - amulet of magic regeneration
HPRegen 0.25/turn               v - +4 ring of evasion
MPRegen 0.60/turn               p - +4 ring of protection

@: very slightly contaminated
A: high MP 1, forlorn, divine attributes, fire resistance 1, sense surroundings
1, wild magic 1
a: no special abilities


You were on level 10 of the Dungeon.
You visited 1 branch of the dungeon, and saw 11 of its levels.

You collected 759 gold pieces.

Inventory:

Hand Weapons
 r - the +9 morningstar of Racheto (weapon) {protect, Int+4 Stlth+}
   (You found it on level 2 of the Dungeon)

   It grants its wielder temporary protection when it strikes (+7 to AC).
   Int:       It affects your intelligence (+4).
   Stlth:     It makes you more stealthy.
Missiles
 q - 9 boomerangs
 F - 15 poisoned darts
 L - 3 silver boomerangs
Armour
 d - a +2 pair of gloves (worn)
 j - a +2 helmet (worn)
 A - a +3 leather armour of fire resistance (worn)
 B - a +1 cloak (worn)
Jewellery
 e - a ring of protection from cold
 n - an amulet of reflection
 p - a +4 ring of protection (right hand)
 v - a +4 ring of evasion (left hand)
 z - a ring of protection from fire
 C - an amulet of guardian spirit
 D - an amulet of magic regeneration (around neck)
Wands
 a - a wand of polymorph (5)
 h - a wand of mindburst (10)
 u - a wand of flame (53)
 H - a wand of charming (7)
 K - a wand of iceblast (9)
 N - a wand of quicksilver (11)
Scrolls
 c - a scroll of amnesia {unknown}
 g - 5 scrolls of vulnerability
 i - a scroll of enchant weapon {unknown}
 k - a scroll of torment {unknown}
 m - a scroll of poison {unknown}
 o - 3 scrolls of enchant armour
 s - 3 scrolls of fear
 t - 3 scrolls of noise
 x - 2 scrolls of immolation {unknown}
 y - 2 scrolls of silence {unknown}
 E - 3 scrolls of teleportation {unknown}
 I - 2 scrolls of blinking {unknown}
 J - a scroll of magic mapping {unknown}
 Q - a scroll of identify
Potions
 l - a potion of resistance
 w - a potion of might
 G - a potion of brilliance
 M - 2 potions of degeneration {unknown}
 P - a potion of haste {unknown}
 R - a potion of attraction {unknown}


   Skills:
 + Level 7.8 Fighting
 * Level 4.1 Dodging
 - Level 2.0 Stealth
 + Level 7.4 Spellcasting
 - Level 10.5 Conjurations
 + Level 4.3 Summonings
 + Level 2.1 Air Magic


You had 11 spell levels left.
You knew the following spells:

 Your Spells              Type           Power      Damage    Failure   Level
a - Magic Dart            Conj           100%       1d8       1%          1
b - Searing Ray           Conj           100%       2d8       1%          2
c - Iskenderun's Mystic   Conj/Tloc      61%        2d13      8%          4
d - Fulminant Prism       Conj/Hex       30%        3d16      8%          4
w - Wereblood             Tmut           17%        N/A       11%         2

Your spell library contained the following spells:

 Spells                   Type           Power      Damage    Failure   Level
 Dazzling Flash           Conj/Hex       100%       N/A       3%          3
 Sublimation of Blood     Necr           17%        N/A       11%         2
 Summon Lightning Spire   Summ/Air       48%        N/A       17%         4
 Animate Dead             Necr           17%        N/A       50%         4
 Borgnjor's Vile Clutch   Necr/Erth      8%         N/A       83%         5
 Death Channel            Necr           8%         N/A       100%        6
 Storm Form               Tmut/Air       13%        N/A       100%        7
 Summon Hydra             Summ           27%        N/A       100%        7
 Maxwell's Capacitive Co  Air            18%        ∞         100%        8


Dungeon Overview and Level Annotations

Branches:
Dungeon (11/15)            Temple (0/1) D:6            Lair (0/5) D:9
    Orc (0/2) D:9

Shops:
D:4 :

Portals:
Trove: D:10 (give horn of Geryon)

Annotations:
D:10 Snorg
D:11 Maurice, Nergalle


Innate Abilities, Weirdness & Mutations

You have an increased reservoir of magic. (+10% MP)
You shall have no god before yourself.
Your divine heritage dramatically boosts your attributes as you level up.
Your flesh is heat resistant. (rF+)
You passively map a small area around you.
Your spells are a little harder to cast, but a little more powerful.


Message History

* * * LOW HITPOINT WARNING * * *
You climb upwards.
Reactivating autopickup.
There is a stone staircase leading down here.
Casting: Iskenderun's Mystic Blast (dangerous; 8% risk of failure)
Confirm with . or Enter, or press ? or * to list all spells.
You don't have enough magic to cast this spell.
You feel better. Snorg bites you but does no damage. Snorg closely misses you.
Snorg completely misses you.
You feel much better.
Snorg misses you. x2; Snorg closely misses you.
Snorg misses you. x2; Snorg closely misses you.
Casting: Iskenderun's Mystic Blast (dangerous; 8% risk of failure)
Confirm with . or Enter, or press ? or * to list all spells.
You miscast Iskenderun's Mystic Blast.
You are very lightly contaminated with residual magic.
Nothing appears to happen.
Snorg misses you. Snorg claws you but does no damage. Snorg misses you.
Casting: Iskenderun's Mystic Blast (dangerous; 8% risk of failure)
Confirm with . or Enter, or press ? or * to list all spells.
You don't have enough magic to cast this spell.
Magic courses through your body. Snorg misses you. Snorg barely misses you.
Snorg closely misses you. Snorg bites you!
* * * LOW HITPOINT WARNING * * *
Snorg claws you.
* * * LOW HITPOINT WARNING * * *
Snorg claws you but does no damage.
Casting: Iskenderun's Mystic Blast (dangerous; 8% risk of failure)
Confirm with . or Enter, or press ? or * to list all spells.
You erupt in a blast of force!
The mystic blast hits Snorg!!
Snorg is moderately wounded.
Snorg bites you but does no damage. Snorg claws you but does no damage.
Snorg claws you.
* * * LOW HITPOINT WARNING * * *
You feel better. Snorg bites you!
* * * LOW HITPOINT WARNING * * *
Snorg claws you but does no damage. x2; Snorg misses you.
Snorg barely misses you. Snorg closely misses you.
You feel better. Snorg bites you but does no damage. Snorg misses you.
Snorg claws you!
You die...

...........# #.......##
...........# #.......#
...........# #.......#
...........# #.......#
..##.......# #.......#
..##.......# #.......#
..########.###########.##..######
...........#...##.#..####..#[.#..
...........#....@..#....#........
...........#....T..#....#....^...
......)....#.......#....'........
.....))....#.......'....#........
..###'######......##...##...###..
..##..)...##......##...##########
...)...)...#.......'.........#...
..)........#.......#.........#...
..)..).....'.......#.........#...


You could see Snorg (berserk).

Vanquished Creatures
  A hydra (D:11)
  2 two-headed ogres
  A deep elf pyromancer (D:10)
  A komodo dragon (D:10)
  Grinder (D:4)
  A hornet (D:10)
  A wyvern (D:11)
  A wraith (D:9)
  2 vampires (D:11)
  Sigmund (D:2)
  2 steam dragons
  8 yaks
  3 water moccasins
  An acid dragon (D:11)
  Duvessa (D:4)
  6 orc warriors
  An ice beast (D:6)
  A sky beast (D:7)
  A black bear (D:6)
  An ogre (D:6)
  5 centaurs
  2 phantoms
  2 kobold brigands
  A bullfrog (D:8)
  2 gnoll sergeants
  A necrophage (D:4)
  4 scorpions
  Dowan (D:4)
  3 killer bees (D:8)
  2 howler monkeys (D:8)
  8 hounds
  A gnoll bouda (D:4)
  11 orc priests
  A jelly (D:8)
  7 iguanas
  Jessica (D:2)
  Terence (D:2)
  16 orc wizards
  17 gnolls
  7 adders
  A shadow imp (D:7)
  A white imp (D:6)
  An ufetubus (D:5)
  2 worms (D:2)
  A dart slug (D:5)
  61 orcs
  3 endoplasms
  2 giant cockroaches (D:1)
  4 goblins
  2 hobgoblins
  5 jackals
  14 kobolds
  3 quokkas
  6 ball pythons
  3 bats (D:3)
  2 frilled lizards
  4 rats
245 creatures vanquished.

Vanquished Creatures (others)
  A human (D:6)
  21 fulminant prisms
  A fungus (D:3)
23 creatures vanquished.

Grand Total: 268 creatures vanquished

Notes
Turn   | Place    | Note
-------+----------+-------------------------------------------
     0 | D:1      | lesbiats the Demigod Conjurer began the quest for the Orb.
     0 | D:1      | Reached XP level 1. HP: 14/14 MP: 5/5
  1332 | D:2      | Reached XP level 2. HP: 20/20 MP: 4/7
  1510 | D:2      | Learned a level 2 spell: Searing Ray
  1551 | D:2      | Noticed Sigmund
  1749 | D:2      | Noticed Terence
  1844 | D:2      | Reached skill level 1 in Fighting
  1844 | D:2      | Reached skill level 4 in Conjurations
  1844 | D:2      | Reached XP level 3. HP: 17/28 MP: 3/8
  2073 | D:2      | Reached XP level 4. HP: 35/35 MP: 8/10
  2278 | D:2      | Identified the +9 morningstar of Racheto {protect, Int+4
                  | Stlth+}
  2334 | D:2      | Noticed Jessica
  2348 | D:2      | Killed Jessica
  2579 | D:2      | Killed Terence
  3157 | D:3      | Reached XP level 5. HP: 39/41 MP: 8/11
  3214 | D:3      | Reached skill level 5 in Conjurations
  4467 | D:4      | Reached XP level 6. HP: 50/50 MP: 6/13
  4637 | D:4      | Reached skill level 6 in Conjurations
  4727 | D:4      | Reached XP level 7. HP: 55/57 MP: 12/15
  4887 | D:4      | Noticed Dowan
  4888 | D:4      | Noticed Duvessa
  4897 | D:4      | Killed Duvessa
  4899 | D:4      | Killed Dowan
  4958 | D:4      | Noticed Grinder
  5132 | D:4      | Found Boso's Self-Improvement Boutique.
  5328 | D:4      | Killed Grinder
  5537 | D:5      | Entered Level 5 of the Dungeon
  5580 | D:5      | Reached skill level 7 in Conjurations
  5693 | D:5      | Gained mutation: Your flesh is heat resistant. (rF+)
                  | [potion of mutation]
  5693 | D:5      | Gained mutation: You are dopey. (Int -2) [potion of
                  | mutation]
  5693 | D:5      | Gained mutation: Potions are less effective at restoring
                  | your health. [potion of mutation]
  5694 | D:5      | Lost mutation: Your flesh is heat resistant. (rF+) [potion
                  | of mutation]
  5694 | D:5      | Lost mutation: You are dopey. (Int -2) [potion of mutation]
  5694 | D:5      | Lost mutation: Potions are less effective at restoring your
                  | health. [potion of mutation]
  5694 | D:5      | Gained mutation: Your flesh is heat resistant. (rF+)
                  | [potion of mutation]
  5694 | D:5      | Gained mutation: Your spells are a little harder to cast,
                  | but a little more powerful. [potion of mutation]
  5694 | D:5      | Gained mutation: Your muscles are strong. (Str +4, Int/Dex
                  | -1) [potion of mutation]
  5694 | D:5      | Gained mutation: You are agile. (Dex +4, Str/Int -1)
                  | [potion of mutation]
  6000 | D:5      | Reached XP level 8. HP: 66/66 MP: 18/18
  6516 | D:6      | Found a staircase to the Ecumenical Temple.
  6529 | D:6      | Reached skill level 8 in Conjurations
  6663 | D:6      | Reached skill level 5 in Spellcasting
  6674 | D:6      | Reached skill level 5 in Fighting
  7385 | D:2      | Killed Sigmund
  7386 | D:2      | Reached XP level 9. HP: 64/74 MP: 16/20
  7697 | D:7      | Reached skill level 9 in Conjurations
  7706 | D:7      | Learned a level 4 spell: Fulminant Prism
  7711 | D:7      | Learned a level 4 spell: Iskenderun's Mystic Blast
  7986 | D:7      | Noticed a two-headed ogre
  8204 | D:7      | Killed a two-headed ogre
  8981 | D:8      | Reached skill level 10 in Conjurations
  9171 | D:8      | Lost mutation: Your muscles are strong. (Str +4, Int/Dex
                  | -1) [potion of mutation]
  9171 | D:8      | Lost mutation: Your spells are a little harder to cast, but
                  | a little more powerful. [potion of mutation]
  9171 | D:8      | Lost mutation: You are agile. (Dex +4, Str/Int -1) [potion
                  | of mutation]
  9171 | D:8      | Gained mutation: You occasionally lose the ability to read
                  | scrolls when taking damage. [potion of mutation]
  9171 | D:8      | Gained mutation: You have hidden genetic potential. [potion
                  | of mutation]
  9400 | D:8      | Noticed a two-headed ogre
  9433 | D:8      | Killed a two-headed ogre
  9681 | D:8      | Reached XP level 10. HP: 74/84 MP: 12/23
  9872 | D:8      | Learned a level 2 spell: Wereblood
 10279 | D:9      | Reached skill level 1 in Summonings
 10774 | D:9      | Found a staircase to the Lair.
 10833 | D:9      | Found a staircase to the Orcish Mines.
 10900 | D:9      | Gained mutation: Your movements are slightly less
                  | encumbered by armour. (ER -2) [hidden potential]
 11366 | D:10     | Entered Level 10 of the Dungeon
 11552 | D:10     | Noticed a deep elf pyromancer
 11579 | D:10     | Killed a deep elf pyromancer
 11580 | D:10     | Reached skill level 1 in Air Magic
 12253 | D:10     | Lost mutation: Your movements are slightly less encumbered
                  | by armour. (ER -2) [potion of mutation]
 12253 | D:10     | Lost mutation: You have hidden genetic potential. [potion
                  | of mutation]
 12253 | D:10     | Lost mutation: You occasionally lose the ability to read
                  | scrolls when taking damage. [potion of mutation]
 12253 | D:10     | Gained mutation: You passively map a small area around you.
                  | [potion of mutation]
 12253 | D:10     | Gained mutation: Your spells are a little harder to cast,
                  | but a little more powerful. [potion of mutation]
 12298 | D:10     | Found a portal to a secret trove of treasure.
 12497 | D:11     | Noticed a four-headed hydra
 12497 | D:11     | Noticed a two-headed ogre
 12505 | D:11     | Noticed Snorg
 12508 | D:11     | Noticed a brown ugly thing
 12510 | D:11     | Killed a four-headed hydra
 12511 | D:11     | Reached XP level 11. HP: 29/94 MP: 6/26
 12512 | D:11     | Noticed Maurice
 12514 | D:11     | Noticed Nergalle
 12516 | D:11     | HP: 4/94 [Snorg (4)]
 12524 | D:10     | Slain by Snorg

Illustrated notes

Levels and vault maps discovered:
D:1:      sevenhm_arrival_forest_fort_small_4, layout_basic
D:2:      cheibrodos_pilgrimage, layout_basic, nicolae_elevator_lobby_asterisk,
          uniq_sigmund, uniq_terence, uniq_jessica
D:3:      layout_loops_corners, shapermc_ecumenical_altar_acropolis
D:4:      layout_basic, nicolae_shop_self_help, uniq_duvessa, uniq_grinder
D:5:      layout_rooms, nzn_wu_jian_contemplation
D:6:      layout_basic, tgw_kikubaaqudgha, minmay_temple_entry_statues_pillars
D:7:      layout_loops_cross, palyth_stone_intersect, minmay_door_square
D:8:      layout_loops_ring
D:9:      layout_rooms, grunt_temple_overflow_open, lair_entry_dummy,
          hiddenorc2_lemuel
D:10:     layout_gridville, trove_entry_hex_spiral
D:11:     layout_big_octagon, st_stairs_9, uniq_snorg, uniq_nergalle,
          uniq_maurice

Skill      XL: |  1  2  3  4  5  6  7  8  9 10 |
---------------+-------------------------------+-----
Stealth        | 2 |  2.0
Dodging        | 2 4 |  4.1
Spellcasting   | 2 3 4 5 6 7 |  7.4
Fighting       | 1 2 3 4 5 6 7 |  7.8
Conjurations   | 4 5 6 7 8 10 | 10.5
Summonings     | 4 |  4.3
Air Magic      | 2 |  2.1

Action                   |  1- 3 |  4- 6 |  7- 9 | 10-12 || total
-------------------------+-------+-------+-------+-------++-------
Melee: Whip              |     8 |       |       |       ||     8
       Morningstar       |       |    49 |   117 |    61 ||   227
       Punch             |       |       |     3 |     1 ||     4
Throw: Dart              |       |       |     8 |       ||     8
 Cast: Magic Dart        |    26 |    60 |    84 |    21 ||   191
       Searing Ray       |     1 |     8 |    22 |     4 ||    35
       Iskenderun's Myst |       |       |     4 |    61 ||    65
       Fulminant Prism   |       |       |     2 |    19 ||    21
  Use: Scroll            |       |       |    10 |       ||    10
       Potion            |       |       |     3 |     7 ||    10
 Stab: Sleeping          |       |       |     3 |       ||     3
Armor: Robe              |     6 |    21 |     4 |       ||    31
       Leather armour    |       |       |    81 |    58 ||   139
Dodge: Dodged            |     4 |    50 |   165 |    95 ||   314
Block: Other             |     1 |    12 |    15 |       ||    28
       Reflection        |       |       |     1 |       ||     1

Table legend: (Time is in decaauts)
 A = Elapsed time spent in this place.
 B = Non-inter-level travel time spent in this place.
 C = Inter-level travel time spent in this place.
 D = Time resting spent in this place.
 E = Time spent auto-exploring this place.
 F = Levels seen in this place.
 G = Mean time per level.
                   A        B        C        D        E       F      G
               +--------+--------+--------+--------+--------+-----+--------+
         Total |  12659 |  11092 |   1567 |   3484 |   5171 |  11 | 1150.8 |
       Dungeon |  12659 |  11092 |   1567 |   3484 |   5171 |  11 | 1150.8 |
               +--------+--------+--------+--------+--------+-----+--------+

Top non-repeatable levels by time:
     D:2: 1772 daAuts
     D:4: 1534 daAuts
     D:8: 1439 daAuts
     D:7: 1435 daAuts
     D:1: 1388 daAuts
     D:3: 1292 daAuts
    D:10: 1137 daAuts
     D:9: 1004 daAuts
     D:5: 986 daAuts
     D:6: 635 daAuts
    D:11: 32 daAuts
